 Dungeon Crawl Stone Soup version 0.22.1-1-ga44c0e56f4 (webtiles) character file.

41 Descartes the Gusty (level 3, 0/14 HPs)
             Began as a Felid Air Elementalist on Oct 24, 2018.
             Succumbed to an adder's poison
             ... on level 2 of the Dungeon.
             The game lasted 00:04:12 (1776 turns).

Descartes the Gusty (Felid Air Elementalist)        Turns: 1776, Time: 00:04:12

Health: 0/14       AC:  1    Str:  4    XL:     3   Next: 32%
Magic:  4/7        EV: 18    Int: 17    God:
Gold:   62         SH:  0    Dex: 16    Spells: 5/6 levels left
                                        Lives:  0   Deaths: 0

rFire    . . .     SeeInvis +   (weapon unavailable)
rCold    . . .     Gourm    .   (shield unavailable)
rNeg     . . .     Faith    .   (armour unavailable)
rPois    .         Spirit   .   (helmet unavailable)
rElec    .         Reflect  .   (cloak unavailable)
rCorr    .         Harm     .   (gloves unavailable)
MR       .....                  (boots unavailable)
Stlth    +++.......             (no amulet)
HPRegen  0.04/turn              (no ring)
MPRegen  0.10/turn              (no ring)

@: lethally poisoned (0 -> -12), quick
A: very small, no armour, no weapons or thrown items, stealth, claws 1, fangs 3,
see invisible, carnivore, speed 1, shaggy fur 1, slow metabolism 1, sharp paws
a: no special abilities


You were on level 2 of the Dungeon.
You were completely stuffed.

You visited 1 branch of the dungeon, and saw 2 of its levels.

You collected 62 gold pieces.

Inventory:

Jewellery
 g - a +4 ring of strength {unknown}
 j - a +2 ring of intelligence {unknown}
Scrolls
 c - 2 scrolls of identify {unknown}
 d - a scroll of remove curse {unknown}
 h - a scroll of amnesia {unknown}
 k - a scroll of random uselessness {unknown}
 n - a scroll of teleportation {unknown}
Potions
 a - a potion of magic {unknown}
 e - a potion of ambrosia {unknown}
 f - 2 potions of mutation {unknown}
 i - a potion of curing {unknown}
 l - 2 potions of agility {unknown}
 m - 2 potions of cancellation {unknown}
Comestibles
 b - 7 rations
 o - 4 chunks of flesh


   Skills:
 + Level 3.1 Dodging
 + Level 3.0 Stealth
 + Level 2.2 Spellcasting
 * Level 1.7 Conjurations
 * Level 3.1 Air Magic


You had 5 spell levels left.
You knew the following spells:

 Your Spells              Type           Power        Failure   Level  Hunger
a - Shock                 Conj/Air       ##..         7%          1    #......

Your spell library contained the following spells:

 Spells                   Type           Power        Failure   Level  Hunger
 Swiftness                Chrm/Air       #.......     16%         2    ###....
 Static Discharge         Conj/Air       ##......     21%         3    ###....
 Airstrike                Air            ##........   45%         4    #####..
 Lightning Bolt           Conj/Air       ##........   88%         5    ######.


Dungeon Overview and Level Annotations

Branches:
Dungeon (2/15)

Altars:


Innate Abilities, Weirdness & Mutations

You cannot wear armour.
You are incapable of wielding weapons or throwing items.
Your paws allow you to move quietly. (Stealth)
You have sharp claws.
You have razor-sharp teeth.
You have supernaturally acute eyesight. (SInv)
You are carnivorous and can eat meat at any time.
You cover ground quickly.
You are covered in fur. (AC +1)
You have a slow metabolism.
Your sharp claws are effective at attacking unaware monsters.


Message History

The adder poisons you! The adder closely misses you.
Casting: Shock (safe; 7% risk of failure)
Confirm with . or Enter, or press ? or * to list all spells.
Aiming: Shock (safe; 7% risk of failure)
Press: ? - help, Shift-Dir - straight line, f/p - adder
Aim: an adder (moderately wounded)
The zap hits the adder.
The adder is severely wounded.
The zap misses the quokka.
You feel sick. The adder bites you.
* * * LOW HITPOINT WARNING * * *
You are more poisoned.
The adder poisons you!
Casting: Shock (safe; 7% risk of failure)
Confirm with . or Enter, or press ? or * to list all spells.
Aiming: Shock (safe; 7% risk of failure)
Press: ? - help, Shift-Dir - straight line, f/p - adder
Aim: an adder (severely wounded)
The zap hits the adder.
The adder is severely wounded.
You die...

# ##### #.
##...#
#.####..<.+
#.........#
#.........#
#........@#
#####
#.......rS+.....
###.........#..#
...............+
.
#####....##.#..#
..
#....##.#.w#...
#....+.........
#....##.#......
......
#....##.#..####
#.....


You could see an adder and a quokka.

Vanquished Creatures
  An ooze (D:1)
  2 dart slugs (D:1)
  A ball python (D:2)
  2 giant cockroaches (D:1)
  5 goblins
  7 hobgoblins
  4 bats (D:1)
  A frilled lizard (D:1)
  4 kobolds
  3 rats
30 creatures vanquished.

Notes
Turn   | Place    | Note
-------+----------+-------------------------------------------
     0 | D:1      | Descartes the Felid Air Elementalist began the quest for
                  | the Orb.
     0 | D:1      | Reached XP level 1. HP: 7/7 MP: 4/4
    42 | D:1      | Reached skill level 1 in Conjurations
   178 | D:1      | Reached XP level 2. HP: 11/11 MP: 1/6
   968 | D:1      | Reached XP level 3. HP: 14/14 MP: 1/7
  1776 | D:2      | Succumbed to an adder's poison

Skill      XL: |  1  2 |
---------------+-------+-----
Conjurations   | 1 |  1.7
Air Magic      | 3 |  3.1
Stealth        | 3 |  3.0
Dodging        | 3 |  3.1
Spellcasting   | |  2.2

Action                   || total
-------------------------++-------
Melee: Unarmed           ||    11
       Bite              ||     1
 Cast: Shock             ||    67
  Eat: Chunk             ||    10
Dodge: Dodged            ||    13
